 Dungeon Crawl Stone Soup version 0.30.1-3-gfc49f6343a (webtiles) character file.

Game seed: 4911158476684675595

23114 croobank the Fighter (level 13, -3/103 HPs)
             Began as an Octopode Monk on July 20, 2023.
             Was the Champion of Elyvilon.
             Slain by a four-headed hydra (4 damage)
             ... on level 3 of the Lair of Beasts.
             The game lasted 01:02:41 (15776 turns).

croobank the Fighter (Octopode Monk)               Turns: 15776, Time: 01:02:43

Health: -3/103     AC:  5    Str: 21    XL:     13   Next: 4%
Magic:  0/59       EV: 19    Int: 17    God:    Elyvilon [******]
Gold:   180        SH:  8    Dex: 20    Spells: 23/28 levels left

rFire   + . .        a - +3 quick blade (venom)
rCold   + + +        B - +2 buckler "Dumiuzov" {rCorr MP+9}
rNeg    . . .        (helmet restricted)
rPois   .            q - amulet of guardian spirit
rElec   .            f - ring of magical power
rCorr   +            i - +6 ring of dexterity
SInv    .            d - ring "Wodydops" {*Corrode Fly rC++ AC+4 Str+4}
Will    .....        C - ring of protection from fire
Stlth   +++          J - ring of protection from cold
HPRegen 0.37/turn    e - ring of magical power
MPRegen 0.36/turn    v - +6 ring of strength
                     (no ring)

%: corrode self (3%), guardian spirit
@: mighty, lethally poisoned (-3 -> -16), divinely vigorous, flying
A: almost no armour, amphibious, 8 rings, camouflage 1, gelatinous body 1,
(nimble swimmer 1), tentacles
a: Renounce Religion, Purification, Heal Other, Heal Self, Divine Vigour


You were on level 3 of the Lair of Beasts.
You worshipped Elyvilon.
Elyvilon was exalted by your worship.
You visited 3 branches of the dungeon, and saw 17 of its levels.

You collected 1086 gold pieces.
You spent 906 gold pieces at shops.

Inventory:

Hand Weapons
 a - a +3 quick blade of venom (weapon)
 l - a +2 hand axe of flaming
 t - the +7 rapier "Pijoor" {freeze, rElec rF++}
   (You found it on level 4 of the Dungeon)

   rF:        It greatly protects you from fire.
   rElec:     It insulates you from electricity.
 u - a +3 scimitar
Missiles
 m - 4 silver javelins
 z - 11 boomerangs
 A - 6 javelins
 E - 5 curare-tipped darts (quivered)
Armour
 c - an orb of light
 B - the +2 buckler "Dumiuzov" (worn) {rCorr MP+9}
   (You bought it in a shop on level 5 of the Dungeon)

   MP:        It affects your magic capacity (+9).
   rCorr:     It protects you from acid and corrosion.
Jewellery
 b - a ring of flight
 d - the ring "Wodydops" (on tentacle) {*Corrode Fly rC++ AC+4 Str+4}
   (You acquired it on level 3 of the Dungeon)

   [ring of protection]

   AC:        It affects your AC (+4).
   Str:       It affects your strength (+4).
   rC:        It greatly protects you from cold.
   Fly:       It grants you flight.
   *Corrode:  It may corrode you when you take damage.
 e - a ring of magical power (on tentacle)
 f - a ring of magical power (left tentacle)
 i - a +6 ring of dexterity (right tentacle)
 o - an amulet of the acrobat
 q - an amulet of guardian spirit (around mantle)
 v - a +6 ring of strength (on tentacle)
 w - a ring of ice
 C - a ring of protection from fire (on tentacle)
 F - a +6 ring of strength
 J - a ring of protection from cold (on tentacle)
Wands
 h - a wand of polymorph (2)
 D - a wand of flame (26)
 I - a wand of iceblast (1)
Scrolls
 g - 3 scrolls of vulnerability
 x - a scroll of fog
 y - a scroll of teleportation
 H - 4 scrolls of poison
Potions
 j - 4 potions of ambrosia
 p - 2 potions of brilliance
 s - a potion of lignification
 K - a potion of curing {unknown}
 L - 2 potions of flight {unknown}
 N - a potion of mutation {unknown}
Miscellaneous
 k - a piece from Xom's chessboard (15/15)
 M - a lightning rod (4/4)


   Skills:
 + Level 9.4 Fighting
 - Level 8.0 Short Blades
 + Level 9.2 Dodging
 - Level 5.0 Shields
 * Level 8.3 Spellcasting
 * Level 5.3 Hexes
 - Level 2.9 Translocations
 - Level 6.4 Air Magic
 - Level 7.6 Poison Magic
 + Level 6.0 Invocations


You had 23 spell levels left.
You knew the following spells:

 Your Spells              Type           Power      Damage    Failure   Level
a - Blink                 Tloc           34%        N/A       5%          2
b - Poisonous Vapours     Pois/Air       62%        N/A       1%          2
c - Slow                  Hex            100%       N/A       1%          1

Your spell library contained the following spells:

 Spells                   Type           Power      Damage    Failure   Level
 Confusing Touch          Hex            25%        N/A       4%          3
 Spider Form              Tmut/Pois      20%        N/A       8%          3
 Freeze                   Ice            28%        1d5       12%         1
 Dazzling Flash           Conj/Hex       32%        N/A       12%         3
 Volatile Blastmotes      Fire/Tloc      24%        2d12      21%         3
 Call Canine Familiar     Summ           7%         N/A       34%         3
 Frozen Ramparts          Ice            14%        1d3       34%         3
 Hailstorm                Conj/Ice       7%         3d4       34%         3
 Vampiric Draining        Necr           7%         2d6       34%         3
 Passage of Golubria      Tloc           17%        N/A       34%         4
 Iskenderun's Mystic Bla  Conj/Tloc      12%        2d5       54%         4
 Freezing Cloud           Conj/Ice/Air   7%         6-21      80%         5
 Summon Forest            Summ/Tloc      6%         N/A       88%         5
 Starburst                Conj/Fire      3%         6d3       100%        6
 Haunt                    Necr/Summ      3%         N/A       100%        7
 Malign Gateway           Summ/Tloc      6%         N/A       100%        7
 Maxwell's Capacitive Co  Air            14%        ∞         100%        8


Dungeon Overview and Level Annotations

Branches:
Dungeon (12/15)            Temple (0/1) D:4            Lair (2/5) D:10
  Snake (0/4) Lair:3          Orc (2/2) D:12
  Swamp: Lair:2-3    Shoals: Lair:2-3       Elf: Orc:2

Altars:
Ashenzari
Elyvilon
Fedhas
Gozag
Hepliaklqana
Kikubaaqudgha
Nemelex Xobeh
Okawaru
Qazlal
Ru
Sif Muna
Trog
Uskayaw
Wu Jian
Xom

Shops:
D:5 [   D:6 *


Innate Abilities, Weirdness & Mutations

You cannot wear most types of armour.
You are amphibious.
You can wear up to eight rings at the same time.
Your skin changes colour to match your surroundings (Stealth+).
Your rubbery body absorbs attacks. (AC +1, EV +1)
((You are camouflaged when in or above water. (Stealth+)))
You have tentacles for arms and can constrict up to eight enemies at once.


Message History

You feel stable enough to blink again.
The swamp worm fires a harpoon shot at you.
The harpoon shot hits you.
* * * LOW HITPOINT WARNING * * *
You are yanked forward by the harpoon shot.
The cane toad completely misses you. You block the cane toad's attack.
Okay, then.
Casting: Blink (safe; 5% risk of failure)
Confirm with . or Enter, or press ? or * to list all spells.
You blink.
As you read the scroll of teleportation, it crumbles to dust.
You feel strangely unstable. The cane toad attacks as you move away!
The cane toad stings you!
* * * LOW HITPOINT WARNING * * *
You are lethally poisoned!
The cane toad poisons you!
Your surroundings suddenly seem different.
A bullfrog, a water moccasin, a four-headed hydra and 4 wolves come into view.
Found a scroll labelled ZIMUTI VIWEOT.
Found a staircase to the Snake Pit.
You feel stable enough to blink again. Elyvilon protects you from harm!
The wolf howls!
The four-headed hydra roars!
The wolf howls!
The bullfrog gives a loud, deep croak!
The water moccasin hisses angrily.
You block the bullfrog's attack. The bullfrog hits you.
Okay, then.
Okay, then.
Okay, then.
Okay, then.
Elyvilon grants you divine vigour.
* * * LOW HITPOINT WARNING * * *
You feel very sick. The wolf misses you. The bullfrog completely misses you.
You block the wolf's attack.
The four-headed hydra barely misses you.
The four-headed hydra bites you. Elyvilon protects you from harm!
The four-headed hydra bites you but does no damage.
The four-headed hydra bites you.
You die...

.....P.......#
.............##
..............## ## ####
..........>......#.##P#.
........................
.........h..............
#......hh...............
#.....@D.S.............
##.?.F.h.####..........
#.#..####.# ##.......
#... # #.####.# ### #
###


You could see a four-headed hydra, a water moccasin, 4 wolves and a bullfrog.

Vanquished Creatures
  Erolcha (D:10)
  A boulder beetle (D:12)
  3 two-headed ogres
  Amaemon (Lair:1)
  2 ugly things
  A cyclops (D:12)
  A manticore (D:12)
  3 black mambas
  An orange demon (Lair:1)
  A kobold demonologist (D:11)
  4 cane toads
  An unseen horror (D:12)
  2 komodo dragons
  A rime drake (Lair:3)
  4 trolls
  A polar bear (Lair:1)
  Grinder (D:3)
  5 slime creatures (D:12)
  3 wraiths
  24 yaks
  3 basilisks
  3 wyverns
  6 vampire mosquitoes (D:12)
  A steam dragon (Lair:2)
  Grum (Lair:1)
  An acid dragon (D:11)
  3 wargs (D:10)
  2 water moccasins
  7 orc warriors
  2 ice beasts (D:7)
  A sky beast (D:7)
  An ogre (D:5)
  6 centaurs
  19 wolves
  3 phantoms
  7 bullfrogs
  2 gnoll sergeants
  3 scorpions
  8 wights
  A killer bee (D:10)
  5 howler monkeys
  4 hounds
  A jelly (D:7)
  4 orc priests
  A gnoll bouda (D:7)
  3 iguanas
  3 sleepcaps
  Jessica (D:3)
  16 orc wizards
  Natasha (D:4)
  17 gnolls
  10 adders
  A white imp (D:5)
  3 ufetubi
  5 worms
  A dart slug (D:5)
  48 orcs
  5 endoplasms
  A giant cockroach (D:2)
  12 goblins
  7 kobolds
  10 quokkas
  7 ball pythons
  10 bats
  4 frilled lizards
  13 rats
  A spectral goblin (D:4)
335 creatures vanquished.

Notes
Turn   | Place    | Note
-------+----------+-------------------------------------------
     0 | D:1      | croobank the Octopode Monk began the quest for the Orb.
     0 | D:1      | Reached XP level 1. HP: 16/16 MP: 1/1
   174 | D:1      | Reached XP level 2. HP: 21/21 MP: 2/2
   588 | D:1      | Reached XP level 3. HP: 26/26 MP: 3/3
  1262 | D:2      | Reached XP level 4. HP: 32/32 MP: 4/4
  1315 | D:2      | Found a faded altar of an unknown god.
  1373 | D:2      | Prayed at the altar of an unknown god.
  1373 | D:2      | Became a worshipper of Elyvilon the Healer
  1373 | D:2      | Reached * piety under Elyvilon
  1373 | D:2      | Reached ** piety under Elyvilon
  1924 | D:3      | Reached XP level 5. HP: 20/37 MP: 5/5
  1924 | D:3      | Reached *** piety under Elyvilon
  2105 | D:3      | Noticed Grinder
  2107 | D:3      | Identified a scroll of acquirement
  2107 | D:3      | Acquired the ring "Wodydops" {*Corrode Fly rC++ AC+4 Str+4}
  2119 | D:3      | Killed Grinder
  2120 | D:3      | Reached XP level 6. HP: 30/45 MP: 6/6
  2407 | D:3      | Noticed Jessica
  2410 | D:3      | Killed Jessica
  2457 | D:3      | Found a shimmering altar of Xom.
  2500 | D:3      | Reached skill level 5 in Fighting
  2859 | D:4      | Reached skill level 5 in Short Blades
  2859 | D:4      | Reached skill level 5 in Dodging
  2863 | D:4      | Reached XP level 7. HP: 50/50 MP: 7/7
  2921 | D:4      | Acquired a +2 quick blade of venom
  2933 | D:4      | Reached **** piety under Elyvilon
  3039 | D:4      | Identified the +7 rapier "Pijoor" {freeze, rElec rF++}
  3339 | D:5      | Entered Level 5 of the Dungeon
  3457 | D:4      | Found a staircase to the Ecumenical Temple.
  3469 | D:4      | Noticed Natasha
  3474 | D:4      | Killed Natasha
  3475 | D:4      | Reached XP level 8. HP: 57/57 MP: 8/8
  3571 | D:4      | Found a hazy altar of Hepliaklqana.
  3606 | D:4      | Found an opulent altar of Gozag.
  3829 | D:5      | Got the Incunable of Nonlocality and Phlogiston
  3879 | D:5      | Found a bloodstained altar of Trog.
  3880 | D:5      | Found a stormy altar of Qazlal.
  4216 | D:5      | Found Ana Lau's Armour Shoppe.
  4372 | D:5      | Reached ***** piety under Elyvilon
  4522 | D:6      | Found a blossoming altar of Fedhas.
  4522 | D:6      | Found a hide-covered altar of Uskayaw.
  4522 | D:6      | Found a shimmering blue altar of Sif Muna.
  4522 | D:6      | Found a white marble altar of Elyvilon.
  4533 | D:6      | Reached skill level 1 in Shields
  4581 | D:6      | Found Xalomn's General Store.
  4591 | D:6      | Bought the Precepts of the Atmosphere for 360 gold pieces
  4591 | D:6      | Bought a potion of might for 40 gold pieces
  4637 | D:6      | Found a sparkling altar of Nemelex Xobeh.
  4730 | D:6      | Reached skill level 1 in Spellcasting
  4730 | D:6      | Reached skill level 1 in Translocations
  4830 | D:6      | Noticed a troll
  4839 | D:6      | Killed a troll
  4840 | D:6      | Reached XP level 9. HP: 63/63 MP: 11/11
  5272 | D:7      | Learned a level 2 spell: Blink
  5342 | D:7      | Reached skill level 1 in Poison Magic
  5379 | D:7      | Reached skill level 1 in Air Magic
  5485 | D:7      | Found an ancient bone altar of Kikubaaqudgha.
  6049 | D:7      | Learned a level 2 spell: Poisonous Vapours
  6618 | D:8      | Reached ****** piety under Elyvilon
  6977 | D:8      | Reached XP level 10. HP: 60/71 MP: 15/15
  7282 | D:9      | Found a broken altar of Ashenzari.
  7367 | D:9      | You are sucked into a shaft and drop 3 floors!
  7431 | D:12     | Killed an unseen horror
  7573 | D:12     | Reached skill level 1 in Invocations
  7736 | D:12     | Noticed a purple ugly thing
  8090 | D:11     | Noticed Erolcha
  8098 | D:11     | Noticed a two-headed ogre
  8100 | D:11     | Noticed a kobold demonologist
  8103 | D:10     | Entered Level 10 of the Dungeon
  8106 | D:10     | Killed Erolcha
  8109 | D:10     | Found a staircase to the Lair.
  8112 | D:10     | Found an ornate altar of the Wu Jian Council.
  8300 | D:9      | Reached skill level 5 in Poison Magic
  8841 | D:10     | Reached skill level 5 in Spellcasting
  9010 | D:10     | Reached XP level 11. HP: 56/77 MP: 17/18
  9193 | D:10     | Found a sacrificial altar of Ru.
  9222 | D:10     | Noticed a two-headed ogre
  9261 | D:10     | Killed a two-headed ogre
  9343 | D:10     | Reached skill level 5 in Air Magic
  9514 | D:10     | Found an iron altar of Okawaru.
 10667 | D:11     | Noticed a two-headed ogre
 10691 | D:11     | Killed a two-headed ogre
 10692 | D:11     | Reached skill level 5 in Shields
 10759 | D:11     | Noticed a red ugly thing
 10777 | D:11     | Killed a red ugly thing
 11718 | D:12     | Noticed a two-headed ogre
 11755 | D:12     | Killed a two-headed ogre
 11887 | D:12     | Noticed a manticore
 11906 | D:12     | Killed a manticore
 11907 | D:12     | Reached XP level 12. HP: 14/84 MP: 1/21
 11907 | D:12     | HP: 4/84 [vampire mosquito (10)]
 12166 | Lair:1   | Entered Level 1 of the Lair of Beasts
 12176 | Lair:1   | Learned a level 1 spell: Slow
 12316 | Lair:1   | Reached skill level 1 in Hexes
 12362 | Lair:1   | Noticed Amaemon
 12424 | Lair:1   | Killed Amaemon
 12753 | Lair:1   | Noticed Grum
 12768 | Lair:1   | Killed Grum
 13413 | Lair:2   | Reached skill level 5 in Invocations
 13797 | D:12     | Found an iron altar of Okawaru.
 13808 | D:12     | Got the Codex of Filthy Rallying
 13964 | D:12     | Noticed a boulder beetle
 14010 | D:12     | Killed a boulder beetle
 14193 | D:12     | Found a staircase to the Orcish Mines.
 14493 | D:5      | Bought the +2 buckler "Dumiuzov" {rCorr MP+9} for 506 gold
                  | pieces
 14691 | Orc:1    | Entered Level 1 of the Orcish Mines
 14852 | Orc:2    | Entered Level 2 of the Orcish Mines
 15516 | Lair:2   | Reached skill level 5 in Hexes
 15636 | Lair:2   | Reached XP level 13. HP: 87/90 MP: 25/25
 15682 | Lair:2   | You are sucked into a shaft and drop 1 floor!
 15775 | Lair:3   | HP: 3/90 [cane toad (12)]
 15775 | Lair:3   | Found a staircase to the Snake Pit.
 15775 | Lair:3   | Elyvilon protects you from harm!
 15776 | Lair:3   | HP: 1/103 [poisoned by a cane toad]
 15776 | Lair:3   | Elyvilon protects you from harm!
 15776 | Lair:3   | Slain by a four-headed hydra

Illustrated notes

Levels and vault maps discovered:
D:1:      psy_arrival_radial01, layout_loops_ring, minmay_rat_gold_closets
D:2:      layout_loops_ring, hellmonk_ecumenical_altar_heavens_door
D:3:      layout_basic, xom_butterflies, uniq_grinder, uniq_jessica
D:4:      layout_loops_ring, nicolae_hepliaklqana_monster_ancestors,
          general_overflow_altar, minmay_temple_entry_waves, uniq_natasha
D:5:      layout_gridville, mainiacjoe_overflow_divided_tiny, serial_shops, shop
D:6:      layout_rooms, chequers_temple_overflow_statue_of_worship,
          mainiacjoe_overflow_small_starburst, serial_shops, shop
D:7:      layout_basic, kiku_gazebo_garden_becter, minivault_11
D:8:      layout_basic, chequers_mini_garden
D:9:      layout_basic, mainiacjoe_overflow_alcove_2
D:10:     layout_basic, overflow_temple_1_default, mainiacjoe_overflow_chevrons,
          mainiacjoe_overflow_brackets, erik_lair_orcish_takeover, st_stairs_2
D:11:     layout_basic, uniq_erolcha
D:12:     layout_basic, orc_0_dummy, serial_glass, glass_columns_a,
          glass_columns_a, feat_on_display, minmay_strange_pillars,
          minmay_strange_pillars, okawaru_metal_pillars_1_2
Lair:1:   layout_big_grid, grunt_megastairs_5, uniq_amaemon, uniq_grum
Lair:2:   layout_gridlike, uniq_gastronok
Lair:3:   layout_cave_pods, palyth_hydra_swamp_entry, dummy_snake_entry,
          grunt_forest_small_clearing_treed, serial_bayou_shore_a
Orc:1:    layout_diamond_mine, basic_altar
Orc:2:    st_orc_rangers, layout_caves, serial_shops,
          nicolae_shop_pleasant_corner_grove

Skill      XL: |  1  2  3  4  5  6  7  8  9 10 11 12 13 |
---------------+----------------------------------------+-----
Short Blades   | 4 5 6 7 8 |  8.0
Fighting       | 4 5 6 7 8 9 |  9.4
Dodging        | 4 5 6 7 8 9 |  9.2
Shields        | 2 3 4 5 |  5.0
Spellcasting   | 1 3 5 6 8 |  8.3
Translocations | 2 |  2.9
Poison Magic   | 3 5 7 |  7.6
Air Magic      | 2 4 6 |  6.4
Invocations    | 2 4 5 6 |  6.0
Hexes          | 5 |  5.3

Action                     |  1- 3 |  4- 6 |  7- 9 | 10-12 | 13-15 || total
---------------------------+-------+-------+-------+-------+-------++-------
  Melee: Short sword       |    65 |    95 |    11 |       |       ||   171
         Constrict         |    18 |    25 |    59 |    86 |     1 ||   189
         Tentacles         |    11 |    19 |    92 |   290 |     4 ||   416
         Punch             |     3 |     1 |     4 |    24 |     1 ||    33
         Quick blade       |       |       |   333 |  1004 |    14 ||  1351
   Fire: Sling             |       |     7 |       |       |       ||     7
  Throw: Boomerang         |       |       |     1 |       |       ||     1
         Dart              |       |       |     4 |     8 |       ||    12
   Cast: Poisonous Vapours |       |       |     5 |    89 |       ||    94
         Blink             |       |       |       |     7 |     3 ||    10
         Slow              |       |       |       |    53 |     6 ||    59
 Invoke: Heal Self         |       |       |     1 |       |       ||     1
         Divine Vigour     |       |       |       |       |     1 ||     1
  Evoke: Wand              |       |       |     2 |     9 |       ||    11
         Piece from Xom's  |       |       |     1 |     1 |       ||     2
    Use: Potion            |       |     1 |       |    11 |     2 ||    14
         Scroll            |       |     6 |    10 |     6 |     2 ||    24
   Stab: Sleeping          |    15 |     8 |     9 |     3 |       ||    35
         Invisible         |       |       |       |     1 |       ||     1
 Armour: Skin              |     3 |     2 |    23 |   137 |     8 ||   173
  Dodge: Dodged            |    29 |    40 |   142 |   359 |    38 ||   608
  Block: Buckler           |       |     8 |    39 |   177 |    14 ||   238
